AoeStats
← victimizer

Arabia

509966757Analyzed
1v1 RM · 4d ago on Sep 28, 2026· 46m 47s· 2 players
Game mode
Random Map
Map size
Tiny (2 player)
Population
200
Speed
Normal
Resources
Standard
Victory
Conquest
Starting age
Dark Age
Ending age
Imperial Age
RankedLock teamsTeams togetherTeam positionsShared explorationLock speedFull tech treeHidden civsTurbo modeCheats
Victory
Defeat
🇩🇪 Khmer · Germany
1544
+15
🇺🇸 Muisca · United States
1512
-15
moogly
6:39 Loom
9:31 Feudal Age
10:03 Double-Bit Axe
9:59 Horse Collar
19:53 Castle Age
21:12 Bow Saw
21:19 Scale Mail Armor
21:22 Squires
22:36 Fervor
26:43 Wheelbarrow
28:09 Chain Mail Armor
28:30 Forging
30:26 Fletching
40:00 Iron Casting
victimizer
6:25 Loom
8:47 Feudal Age
9:25 Double-Bit Axe
9:21 Horse Collar
19:17 Castle Age
17:46 Fletching
18:25 Forging
18:54 Bloodlines
19:23 Light Cavalry
20:00 Bodkin Arrow
20:29 Husbandry
22:11 Scale Barding Armor
24:09 Wheelbarrow
27:11 Chain Barding Armor
30:43 Iron Casting
31:32 Hand Cart
31:39 Gold Mining
39:45 Imperial Age
37:02 Town Watch
41:28 Blast Furnace
39:53 Hussar
40:57 Bow Saw
43:06 Chemistry
43:25 Plate Barding Armor
45:16 Ballistics
45:28 Bracer
44:52 Crossbowman
45:44 Arbalester
Connection lost

Rejoining the realm…

Still unreachable

The connection could not be restored.

Session expired

The server has moved on; the page needs a fresh start.